 Dungeon Crawl Stone Soup version 0.24.0-125-gc4c63601f3 (webtiles) character file.

Game seed: 11659131144325109214, levelgen mode: deterministic

408 hazymike the Shield-Bearer (level 7, -3/55 HPs)
             Began as a Formicid Fighter on Feb 21, 2020.
             Was a Follower of Yredelemnul.
             Slain by Prince Ribbit (5 damage)
             ... on level 5 of the Dungeon.
             The game lasted 00:30:44 (4945 turns).

hazymike the Shield-Bearer (Formicid Fighter)       Turns: 4945, Time: 00:30:45

Health: -3/55      AC:  7    Str: 29    XL:     7   Next: 13%
Magic:  7/7        EV:  8    Int:  9    God:    Yredelemnul [*.....]
Gold:   18         SH: 10    Dex: 10    Spells: 6/6 levels left

rFire    . . .     SeeInvis +   a - +3 battleaxe (chop)
rCold    . . .     Gourm    .   c - +0 shield
rNeg     . . .     Faith    .   r - +0 scale mail
rPois    .         Spirit   .   (helmet unavailable)
rElec    .         Reflect  .   x - scarf {cloud immunity}
rCorr    .         Harm     .   (no gloves)
MR       .....                  (no boots)
Stlth    ..........             (no amulet)
HPRegen  0.18/turn              g - +3 ring of strength
MPRegen  0.10/turn              (no ring)

@: mighty, invisible
A: permanent stasis, dig shafts and tunnels, four strong arms, antennae 3
a: Dig, Shaft Self, Animate Remains, Renounce Religion


You were on level 5 of the Dungeon.
You worshipped Yredelemnul.
Yredelemnul was aware of your devotion.
You were not hungry.

You visited 1 branch of the dungeon, and saw 5 of its levels.

You collected 265 gold pieces.
You spent 247 gold pieces at shops.

Inventory:

Hand Weapons
 a - a +3 battleaxe of chopping (weapon)
 b - a +0 hunting sling
Missiles
 h - 21 sling bullets
 i - 123 stones
 u - 15 poisoned darts (quivered)
Armour
 c - a +0 shield (worn)
 r - a +0 scale mail (worn)
 x - a scarf of cloud immunity (worn)
Jewellery
 g - a +3 ring of strength (left hand)
Wands
 q - a wand of disintegration (15)
 v - a wand of polymorph (4)
Scrolls
 e - 2 scrolls of remove curse
 j - a scroll of identify
 o - a scroll of amnesia
 y - a scroll of fog
Potions
 k - a potion of flight
 m - a potion of invisibility
 n - a potion of resistance
 p - 2 potions of cancellation
Comestibles
 f - 6 rations


   Skills:
 + Level 4.7 Fighting
 * Level 4.6 Axes
 + Level 4.6 Armour
 + Level 5.1 Shields
 + Level 0.4 Invocations


You had 6 spell levels left.
You didn't know any spells.
Your spell library was empty.

Dungeon Overview and Level Annotations

Branches:
Dungeon (5/15)             Temple (0/1) D:4

Altars:
Elyvilon
Ru
Xom
Yredelemnul
Zin

Shops:
D:4 (

Annotations:
D:2 Sigmund
D:5 Prince Ribbit


Innate Abilities, Weirdness & Mutations

You cannot be hasted, slowed, berserked, paralysed or teleported.
You can dig through walls and to a lower floor.
Your four strong arms can wield two-handed weapons with a shield.
You have a pair of large antennae on your head. (SInv)


Message History

Prince Ribbit is lightly wounded.
Prince Ribbit hits you!
* * * LOW HITPOINT WARNING * * *
You block Prince Ribbit's attack. x2
You feel much better. Prince Ribbit barely misses you.
You feel very mighty all of a sudden. Prince Ribbit hits you!
* * * LOW HITPOINT WARNING * * *
You closely miss Prince Ribbit.
Prince Ribbit is lightly wounded.
Prince Ribbit winks and puckers his lips.
Prince Ribbit hits you.
* * * LOW HITPOINT WARNING * * *
Prince Ribbit hits you.
* * * LOW HITPOINT WARNING * * *
You block Prince Ribbit's attack.
You fade into invisibility!
Prince Ribbit hits you.
You die...
Your body rises from the dead as a mindless zombie.

#........#...# ...# .
#.######..#..##..#..# #.#
#...#....#... #.#
#....#..#...
###.######.##..# ..# #
#..........##..##..##..
#.#.#####.....#..#....
###...######...#....#.. #
..............#.@##.F#...
##.#.######..#.F!##...#.#
#.#.# #.#..........#
#.#.# #...........##
#.#.# #>.....###..#
##.#.######.####.# .#
........#......... ..
####.........###### ##
...###.....###.....


You could see Prince Ribbit.

Vanquished Creatures
  A bullfrog skeleton (D:5)
  Jessica (D:3)
  Ijyb (D:3)
  An iguana (D:4)
  5 worker ants
  A worker ant zombie (D:5)
  5 adders
  An ooze (D:4)
  2 adder skeletons
  6 worms
  3 dart slugs
  3 leopard geckos
  12 orcs
  3 giant cockroaches
  7 goblins
  3 hobgoblins
  2 jackals (D:4)
  5 quokkas
  A ball python (D:2)
  9 bats
  6 frilled lizards
  10 kobolds
  A quokka skeleton (D:3)
  2 rats
91 creatures vanquished.

Vanquished Creatures (others)
  A bat (D:2)
  A goblin (D:2)
  A quokka (D:2)
3 creatures vanquished.

Grand Total: 94 creatures vanquished

Notes
Turn   | Place    | Note
-------+----------+-------------------------------------------
     0 | D:1      | hazymike the Formicid Fighter began the quest for the Orb.
     0 | D:1      | Reached XP level 1. HP: 18/18 MP: 1/1
   208 | D:1      | Reached XP level 2. HP: 22/24 MP: 2/2
   879 | D:2      | Reached XP level 3. HP: 17/29 MP: 3/3
  1196 | D:2      | Reached skill level 4 in Shields
  1235 | D:2      | Found a white marble altar of Elyvilon.
  1279 | D:2      | Noticed Sigmund
  1810 | D:2      | Reached XP level 4. HP: 34/37 MP: 4/4
  2695 | D:3      | Reached XP level 5. HP: 40/42 MP: 5/5
  2706 | D:3      | Noticed Ijyb
  2719 | D:3      | Killed Ijyb
  2862 | D:3      | Found a basalt altar of Yredelemnul.
  2921 | D:3      | Found a sacrificial altar of Ru.
  2935 | D:3      | Found a shimmering altar of Xom.
  3151 | D:3      | Became a worshipper of Yredelemnul the Dark
  3260 | D:3      | Reached XP level 6. HP: 48/48 MP: 6/6
  3339 | D:3      | Noticed Jessica
  3372 | D:3      | Killed Jessica
  3718 | D:4      | Found a glowing silver altar of Zin.
  3749 | D:4      | Found a staircase to the Ecumenical Temple.
  4189 | D:4      | Found Ighon's Antique Weapon Shoppe.
  4287 | D:4      | Reached * piety under Yredelemnul
  4291 | D:4      | Found a white marble altar of Elyvilon.
  4776 | D:4      | Bought a runed battleaxe for 247 gold pieces
  4810 | D:5      | Entered Level 5 of the Dungeon
  4818 | D:5      | Reached skill level 5 in Shields
  4818 | D:5      | Reached XP level 7. HP: 50/55 MP: 7/7
  4933 | D:5      | Noticed Prince Ribbit
  4944 | D:5      | HP: 2/55 [Prince Ribbit (6)]
  4945 | D:5      | Slain by Prince Ribbit

Levels and vault maps discovered:
D:1:      lightli_arrival_maybe_door_vault, layout_basic
D:2:      layout_loops_ring, elyvilon_altar_4, uniq_robin, uniq_sigmund
D:3:      layout_basic, grunt_temple_overflow_open, mrwooster_statue_mirror,
          uniq_ijyb, uniq_jessica
D:4:      layout_basic, old_standard_altar, zin_statuary,
          minmay_temple_entry_mist, serial_shops, nicolae_shop_trees,
          st_stairs_14
D:5:      layout_loops_ring, makhleb_altar_promises_db, serial_undead,
          serial_undead_c, serial_undead_e, serial_undead_b, serial_undead_d,
          serial_undead_a, serial_undead_a, serial_undead_b, serial_undead_d,
          first_ration, minivault_26, minmay_fire_ice_demons,
          uniq_prince_ribbit1

Skill      XL: |  1  2  3  4  5  6 |
---------------+-------------------+-----
Shields        | 4 5 |  5.1
Axes           | 3 4 |  4.6
Fighting       | 4 |  4.7
Armour         | 4 |  4.6
Invocations    | |  0.4

Action                   |  1- 3 |  4- 6 |  7- 9 || total
-------------------------+-------+-------+-------++-------
Melee: War axe           |   106 |   158 |       ||   264
       Unarmed           |       |     5 |       ||     5
       Battleaxe         |       |     3 |    14 ||    17
 Fire: Hunting sling     |     4 |    54 |       ||    58
Throw: Stone             |     2 |     4 |       ||     6
       Dart              |       |    15 |     2 ||    17
  Use: Scroll            |       |    12 |     3 ||    15
       Potion            |       |       |     3 ||     3
  Eat: Chunk             |     3 |     9 |     1 ||    13
Armor: Scale mail        |    41 |    53 |     1 ||    95
       Skin              |       |     2 |       ||     2
Dodge: Dodged            |    35 |    38 |     4 ||    77
Block: Shield            |    53 |    78 |     5 ||   136
